 Dungeon Crawl Stone Soup version 0.19-a0-1193-g2641e52 (webtiles) character file.

1766 epen the Martial Artist (level 9, -4/72 HPs)
             Began as a Merfolk Monk on Aug 19, 2016.
             Slain by a troll (9 damage)
             ... on level 6 of the Dungeon.
             The game lasted 00:09:01 (7107 turns).

epen the Martial Artist (Merfolk Monk)              Turns: 7107, Time: 00:09:02

Health: -4/72      AC:  4    Str: 12    XL:     9   Next: 7%
Magic:  9/9        EV: 18    Int:  9    God:
Gold:   288        SH:  0    Dex: 17    Spells: 0 memorised, 8 levels left

rFire  + . .     SeeInvis .       - Unarmed
rCold  + . .     Gourm    .     a - +0 robe
rNeg   . . .     Faith    .     (no shield)
rPois  .         Spirit   .     (no helmet)
rElec  .         Dismiss  .     m - +1 cloak
rCorr  .         Reflect  .     (no gloves)
MR     .....     Harm     .     (no boots)
Stlth  ++........               (no amulet)
                                s - ring of protection from cold
                                q - ring of protection from fire

@: drained
A: change form in water, swift swim, clumsy 1, screaming 1, wild magic 1
a: no special abilities


You were on level 6 of the Dungeon.
You were not hungry.

You visited 1 branch of the dungeon, and saw 6 of its levels.

You collected 288 gold pieces.

Inventory:

Armour
 a - a +0 robe (worn)
 m - a +1 cloak (worn)
Jewellery
 k - an uncursed ring of protection from fire
 p - an uncursed ring of resist corrosion
 q - a ring of protection from fire (left hand)
 s - a ring of protection from cold (right hand)
 y - an uncursed ring of flight {unknown}
Wands
 w - a wand of polymorph (5/24)
Scrolls
 e - 3 scrolls of remove curse
 g - a scroll of fear
 n - a scroll of fog
 u - 2 scrolls of enchant armour
 x - a scroll of recharging {unknown}
Potions
 c - 2 potions of haste {unknown}
 f - a potion of ambrosia {unknown}
 h - 2 potions of curing
 i - a potion of might {unknown}
 j - 3 potions of cancellation
 l - 3 potions of heal wounds
 o - a potion of lignification {unknown}
 r - a potion of flight {unknown}
 v - a potion of degeneration {unknown}
Comestibles
 b - 3 bread rations
 t - a royal jelly
 z - 3 fruits


   Skills:
 + Level 7.0(6.8) Fighting
 + Level 8.3(8.1) Dodging
 - Level 2.1(2.0) Stealth
 * Level 9.5(9.3) Unarmed Combat


You had 8 spell levels left.
You didn't know any spells.

Dungeon Overview and Level Annotations

Branches:
Dungeon (6/15)
 Temple: D:4-7

Altars:
Elyvilon
Gozag
Hepliaklqana
Makhleb
Nemelex Xobeh
Okawaru
Uskayaw
Xom

Annotations:
D:5 Edmund


Innate Abilities, Weirdness & Mutations

You revert to your normal form in water.
You are very nimble and swift while swimming.
You are clumsy. (Dex -2)
You occasionally shout uncontrollably at your foes.
Your spells are a little harder to cast, but a little more powerful.


Message History

The troll completely misses you.
You closely miss the troll.
The troll is heavily wounded.
The troll closely misses you. The troll misses you.
The troll completely misses you.
You punch the troll!
The troll is almost dead.
The troll closely misses you. The troll claws you!
* * * LOW HITPOINT WARNING * * *
The troll claws you but does no damage.
You are too injured to fight recklessly!
You are too injured to fight recklessly!
You are too injured to fight recklessly!
You are too injured to fight recklessly!
You hit the troll but do no damage. You punch the troll.
The troll is almost dead.
The troll bites you!
* * * LOW HITPOINT WARNING * * *
The troll claws you!
You die...

#.####..........
#..###.........
##..##.........
#.#....##...... #..#...#
#...## #......## ####
#......)## #......))###
##########
#.......#T@#######.........
#.......###..............##
#......## ##....###########
#......## ##........#### #.
##...## #............###.
#.## #................ ##
#................
#............[...
#................


You could see a troll.

Vanquished Creatures
  Sigmund (D:3)
  A phantom (D:5)
  5 ogres
  2 centaurs
  A giant frog (D:6)
  A scorpion (D:5)
  5 wights (D:6)
  A crimson imp (D:5)
  A giant frog zombie (D:5)
  2 orc priests (D:5)
  2 hounds (D:4)
  2 orc wizards (D:4)
  2 iguanas (D:5)
  Natasha (thrice) (D:2)
  3 worker ants (D:4)
  A hound zombie (D:5)
  6 adders
  4 gnolls (D:6)
  A shadow imp (D:4)
  An ooze (D:3)
  An adder skeleton (D:6)
  2 worms
  A dart slug (D:1)
  5 giant geckos
  6 orcs
  2 ball pythons
  4 giant cockroaches
  8 goblins
  9 hobgoblins
  2 jackals (D:3)
  2 quokkas
  4 bats
  2 giant newts
  5 kobolds
  5 rats
103 creatures vanquished.

Notes
Turn   | Place    | Note
-------+----------+-------------------------------------------
     0 | D:1      | epen the Merfolk Monk began the quest for the Orb.
     0 | D:1      | Reached XP level 1. HP: 18/18 MP: 1/1
   203 | D:1      | Reached XP level 2. HP: 24/24 MP: 2/2
   754 | D:1      | Reached skill level 4 in Unarmed Combat
   796 | D:2      | Reached XP level 3. HP: 24/29 MP: 3/3
  1216 | D:2      | Noticed Natasha
  1229 | D:2      | Killed Natasha
  1229 | D:2      | Reached XP level 4. HP: 16/37 MP: 4/4
  1371 | D:2      | Noticed Natasha
  1400 | D:2      | Killed Natasha
  1669 | D:2      | Reached skill level 5 in Unarmed Combat
  1690 | D:2      | Found a hide-covered altar of Uskayaw.
  1833 | D:2      | Noticed Natasha
  1840 | D:2      | Killed Natasha
  1840 | D:2      | Reached XP level 5. HP: 38/42 MP: 5/5
  2228 | D:3      | Noticed a centaur
  2252 | D:3      | Killed a centaur
  2252 | D:3      | Reached skill level 5 in Dodging
  2505 | D:3      | Reached XP level 6. HP: 45/49 MP: 6/6
  2537 | D:3      | Noticed Sigmund
  2721 | D:3      | Killed Sigmund
  2721 | D:3      | Reached skill level 6 in Unarmed Combat
  2960 | D:3      | Found an iron altar of Okawaru.
  3227 | D:4      | Reached skill level 5 in Fighting
  3227 | D:4      | Reached XP level 7. HP: 49/56 MP: 7/7
  4001 | D:4      | Reached skill level 7 in Unarmed Combat
  4366 | D:4      | Found a shimmering altar of Xom.
  4578 | D:5      | Entered Level 5 of the Dungeon
  4638 | D:5      | Noticed Edmund
  4871 | D:4      | Reached XP level 8. HP: 58/64 MP: 8/8
  5090 | D:5      | Found a burning altar of Makhleb.
  5093 | D:5      | Found a white marble altar of Elyvilon.
  5120 | D:5      | Found a hazy altar of Hepliaklqana.
  5121 | D:5      | Found an opulent altar of Gozag.
  5124 | D:5      | Found a sparkling altar of Nemelex Xobeh.
  5127 | D:5      | Reached skill level 8 in Unarmed Combat
  6210 | D:4      | Gained mutation: Your spells are a little harder to cast, but a little more powerful. [potion of mutation]
  6210 | D:4      | Gained mutation: You occasionally shout uncontrollably at your foes. [potion of mutation]
  6210 | D:4      | Gained mutation: You are clumsy. (Dex -2) [potion of mutation]
  6687 | D:6      | Reached skill level 9 in Unarmed Combat
  7049 | D:6      | Reached XP level 9. HP: 65/71 MP: 9/9
  7070 | D:6      | Noticed a troll
  7107 | D:6      | Slain by a troll

Vault maps used:
D:1:      dpeg_arrival_tiny_d
D:2:      eat_drink_and_be_merry_uskayaw, uniq_natasha
D:3:      lemuel_crystal_altar, uniq_sigmund
D:4:      lemuel_crystal_altar, first_bread
D:5:      minitemple, corexii_checkpoint_b, uniq_edmund

Skill      XL: |  1  2  3  4  5  6  7  8  9 |
---------------+----------------------------+-----
Unarmed Combat | 4 5 6 7 9 |  9.5
Fighting       | 4 5 6 7 |  7.0
Dodging        | 5 6 8 |  8.3
Stealth        | |  2.1

Action                   |  1- 3 |  4- 6 |  7- 9 || total
-------------------------+-------+-------+-------++-------
Melee: Unarmed           |    88 |   165 |   292 ||   545
       Punch             |       |     2 |    16 ||    18
  Use: Potion            |       |     3 |     1 ||     4
       Scroll            |       |     5 |     6 ||    11
 Stab: Sleeping          |     2 |     2 |     3 ||     7
  Eat: Chunk             |     1 |     6 |    11 ||    18
       Beef jerky        |       |       |     1 ||     1
Armor: Robe              |    11 |    14 |    15 ||    40
Dodge: Dodged            |    66 |   121 |   201 ||   388
